 Dungeon Crawl Stone Soup version 0.19-a0-1920-g83281cb (webtiles) character file.

21 Kaname the Digger (level 2, 0/19 HPs)
             Began as a Demonspawn Earth Elementalist on Oct 23, 2016.
             Slain by a hound (2 damage)
             ... on level 1 of the Dungeon.
             The game lasted 00:01:55 (1027 turns).

Kaname the Digger (Demonspawn Earth Elementalist)   Turns: 1027, Time: 00:01:56

Health: 0/19       AC:  2    Str:  8    XL:     2   Next: 65%
Magic:  0/5        EV: 12    Int: 16    God:
Gold:   23         SH:  0    Dex: 13    Spells: 2 memorised, 2 levels left

rFire  . . .     SeeInvis .     (no weapon)
rCold  . . .     Gourm    .     c - +0 robe
rNeg   . . .     Faith    .     (no shield)
rPois  .         Spirit   .     (helmet restricted)
rElec  .         Reflect  .     (no cloak)
rCorr  .         Harm     .     (no gloves)
MR     .....                    (no boots)
Stlth  ++........               (no amulet)
                                (no ring)
                                (no ring)

@: no status effects
A: horns 1
a: no special abilities


You were on level 1 of the Dungeon.
You were hungry.

You visited 1 branch of the dungeon, and saw 1 of its levels.

You collected 23 gold pieces.

Inventory:

Missiles
 b - 51 stones (quivered)
Armour
 c - a +0 robe (worn)
Jewellery
 a - an uncursed ring of fire {unknown}
Scrolls
 f - a scroll of remove curse {unknown}
 g - 2 scrolls of identify {unknown}
 h - a scroll of teleportation {unknown}
 i - a scroll of noise {unknown}
 j - a scroll of magic mapping {unknown}
Books
 e - a book of Geomancy

   Spells                             Type                      Level
   a - Sandblast                      Earth                        1
   b - Passwall                       Transmutation/Earth          2
   c - Stone Arrow                    Conjuration/Earth            3
   d - Petrify                        Transmutation/Earth          4
   e - Lee's Rapid Deconstruction     Earth                        5
Comestibles
 d - a bread ration


   Skills:
 - Level 1.7 Dodging
 - Level 1.7 Stealth
 - Level 2.0 Spellcasting
 - Level 0.8 Transmutations
 + Level 3.6 Earth Magic


You had 2 spell levels left.
You knew the following spells:

 Your Spells              Type           Power        Failure   Level  Hunger
a - Sandblast             Erth           ##....       6%          1    #......
b - Passwall              Tmut/Erth      #.........   14%         2    ###....


Dungeon Overview and Level Annotations

Branches:
Dungeon (1/15)

Altars:


Innate Abilities, Weirdness & Mutations

You have a pair of small horns on your head.


Message History

Casting: Sandblast
Confirm with . or Enter, or press ? or * to list all spells.
Aiming: Sandblast
Press: ? - help, Shift-Dir - straight line, f/p - hound
Aim: a hound (moderately wounded)
The blast of sand hits the hound.
The hound is moderately wounded.
The hound bites you. x2
* * * LOW HITPOINT WARNING * * *
Casting: Sandblast
Confirm with . or Enter, or press ? or * to list all spells.
Aiming: Sandblast
Press: ? - help, Shift-Dir - straight line, f/p - hound
Aim: a hound (moderately wounded)
The blast of sand misses the hound.
The hound bites you.
* * * LOW HITPOINT WARNING * * *
You aren't carrying any potions.
Okay, then.
The hound bites you.
You die...

..## ... ..# ## ..# #
...######..#.....
........!.#.....
#......#.....
#.>.......... .
#@.......... ..
#h.............
#......#.....#.......
#####.##'##..# ......
. ###.)....##.....b .
#.............. .
##...........#.. .
#'.............. .
##.............. .


You could see a hound.

Vanquished Creatures
  2 dart slugs (D:1)
  A leopard gecko (D:1)
  3 goblins (D:1)
  2 hobgoblins (D:1)
  A ball python (D:1)
  2 bats (D:1)
  2 kobolds (D:1)
  4 rats (D:1)
17 creatures vanquished.

Notes
Turn   | Place    | Note
-------+----------+-------------------------------------------
     0 | D:1      | Kaname the Demonspawn Earth Elementalist began the quest for the Orb.
     0 | D:1      | Reached XP level 1. HP: 13/13 MP: 3/3
    81 | D:1      | Reached skill level 3 in Earth Magic
   371 | D:1      | Gained mutation: You have a pair of small horns on your head. [demonic ancestry]
   371 | D:1      | Reached XP level 2. HP: 14/19 MP: 1/5
   646 | D:1      | Learned a level 2 spell: Passwall
  1027 | D:1      | Slain by a hound

Vault maps used:
D:1:      nicolae_arrival_somewhat_less_tricky_arrival,
          wad_floor_pattern_untrapped

Skill      XL: |  1 |
---------------+----+-----
Earth Magic    | 3 |  3.6
Dodging        | |  1.7
Stealth        | |  1.7
Spellcasting   | |  2.0
Transmutations | |  0.8

Action                   || total
-------------------------++-------
Melee: Unarmed           ||    66
       Headbutt          ||     6
 Cast: Sandblast         ||    22
 Stab: Sleeping          ||     1
       Distracted        ||     1
Armor: Robe              ||    25
Dodge: Dodged            ||    64
